 Dungeon Crawl Stone Soup version 0.28.0-1-gb440e238dd (webtiles) character file.

Game seed: 15219681079221225398

1036 pkoi the Grappler (level 8, -1/63 HPs)
             Began as a White Draconian Monk on Feb 22, 2022.
             Was a Believer of Okawaru.
             Succumbed to a gnoll sergeant's poison
             ... on level 6 of the Dungeon.
             The game lasted 00:08:41 (7517 turns).

pkoi the Grappler (White Draconian Monk)            Turns: 7517, Time: 00:08:42

Health: -1/63      AC:  6    Str: 14    XL:     8   Next: 4%
Magic:  8/8        EV: 12    Int: 13    God:    Okawaru [**....]
Gold:   231        SH:  0    Dex: 13    Spells: 7/7 levels left

rFire   + + .      SeeInvis .     - Unarmed
rCold   + + .      Faith    .   (no shield)
rNeg    + . .      Spirit   .   (armour unavailable)
rPois   +          Reflect  .   (helmet restricted)
rElec   +          Harm     .   (no cloak)
rCorr   +          Rampage  .   (no gloves)
Will    +....                   (no boots)
Stlth   ++........              (no amulet)
HPRegen 0.20/turn               j - ring of positive energy
MPRegen 0.11/turn               f - ring of protection from fire

@: mighty, lethally poisoned (-1 -> -11), short of breath, resistant, attractive
A: breathe frost, AC +6, unfitting armour, cold resistance 1, cold-blooded,
strong-willed 1, subdued magic 1, inability to read while threatened
a: Breathe Frost, Renounce Religion, Heroism


You were on level 6 of the Dungeon.
You worshipped Okawaru.
Okawaru was pleased with you.
You visited 2 branches of the dungeon, and saw 7 of its levels.

You collected 231 gold pieces.

Inventory:

Hand Weapons
 a - a +2 dagger of venom
 n - a +1 dagger of speed
Jewellery
 f - a ring of protection from fire (right hand)
 j - a ring of positive energy (left hand)
Wands
 e - a wand of acid (9)
Scrolls
 d - a scroll of immolation
 g - 3 scrolls of amnesia
 h - 4 scrolls of identify
Potions
 c - a potion of brilliance
 l - a potion of cancellation
 m - a potion of haste


   Skills:
 - Level 3.2 Fighting
 - Level 2.6 Dodging
 - Level 1.7 Stealth
 + Level 9.9 Unarmed Combat


You had 7 spell levels left.
You didn't know any spells.
Your spell library contained the following spells:

 Spells                   Type           Power      Damage    Failure   Level
 Magic Dart               Conj           0%         1d3       26%         1
 Searing Ray              Conj           0%         2d4       38%         2
 Dazzling Flash           Conj/Hex       0%         N/A       63%         3
 Fulminant Prism          Conj/Hex       0%         3d6       96%         4
 Agony                    Necr           0%         N/A       100%        5
 Silence                  Hex/Air        0%         N/A       100%        5


Dungeon Overview and Level Annotations

Branches:
Dungeon (6/15)             Temple (1/1) D:5

Altars:
Ashenzari
Cheibriados
Dithmenos
Elyvilon
Fedhas
Hepliaklqana
Kikubaaqudgha
Makhleb
Nemelex Xobeh
Okawaru
Qazlal
Ru
Sif Muna
Trog
Uskayaw
Vehumet
Wu Jian
Xom
Yredelemnul
Zin
The Shining One

Shops:
D:4 (

Annotations:
D:4 3 runed translucent doors, Eustachio; PoweredByGinger's ghost, amateur TrBe


Innate Abilities, Weirdness & Mutations

You can breathe waves of freezing cold which knock back foes.
Your icy white scales are hard. (AC +6)
You cannot fit into any form of body armour.
Your flesh is cold resistant. (rC+)
You are cold-blooded and may be slowed by cold attacks.
You are strong-willed. (Will+)
Your spells are a little easier to cast, but a little less powerful.
You sometimes lose the ability to read scrolls when taking damage.


Message History

It was a potion of might.
You feel very mighty all of a sudden.
* * * LOW HITPOINT WARNING * * *
You feel very sick. The gnoll sergeant closely misses you.
It was a potion of attraction.
You feel attractive to monsters.
You feel sick.
The gnoll sergeant hits you but does no damage.
You are lethally poisoned!
The gnoll sergeant is attracted toward you.
The gnoll is attracted toward you.
You feel protected.
* * * LOW HITPOINT WARNING * * *
You feel very sick. The gnoll sergeant closely misses you.
Okay, then.
Unknown command.
You can't do that yet.
Unknown command.
Unknown command.
Unknown command.
You punch the gnoll sergeant!
The gnoll sergeant is almost dead.
* * * LOW HITPOINT WARNING * * *
You feel sick.
You punch the gnoll sergeant!
You kill the gnoll sergeant!
Okawaru accepts your kill.
* * * LOW HITPOINT WARNING * * *
You feel sick.
You have reached level 8!
You feel stronger.
Really quaff the potion of mutation?
You feel extremely strange.
Your magical essence no longer links to wands of the dungeon.
You feel conductive.
You lose the ability to read scrolls when threatened.
You feel strong-willed.
You die...

#.............)....##<####...
#####.#...#.#.##>..##.#
#.#...#.#......##.#
#.#...#.####.#.##.#
######.#...#.# #.#.##.###
#....g.....#.#
#........#######
#.####.......#
##.............. #.#
##.####.####^#......#.#####
.....# #.# #..gg@..#.....##.#
#..#g# ... #.g####.##..####.#
=#.$...#.#.#..####..#.#####.#
#... g..........##.#........#
.##.#####.#.##.##.##########
. . #.#.##.##.# .. ## #
#.......# #######.# #.#


You could see 3 gnolls.

Vanquished Creatures
  Sigmund (D:4)
  A necrophage (D:5)
  A centaur (D:4)
  A gnoll sergeant (D:6)
  2 scorpions (D:5)
  2 hounds (D:4)
  2 jellies
  2 orc priests (D:5)
  2 iguanas
  2 orc wizards
  A scorpion zombie (D:5)
  A hound zombie (D:5)
  Robin (D:2)
  2 gnolls
  7 adders
  2 ufetubi
  An adder skeleton (D:4)
  3 worms
  2 dart slugs (D:1)
  6 orcs
  3 bats
  3 endoplasms
  3 giant cockroaches (D:4)
  11 goblins
  17 hobgoblins
  3 jackals
  6 kobolds
  5 quokkas
  8 ball pythons
  3 frilled lizards (D:3)
  5 rats
109 creatures vanquished.

Notes
Turn   | Place    | Note
-------+----------+-------------------------------------------
     0 | D:1      | pkoi the Draconian Monk began the quest for the Orb.
     0 | D:1      | Reached XP level 1. HP: 19/19 MP: 1/1
   319 | D:1      | Reached XP level 2. HP: 26/26 MP: 2/2
  1039 | D:2      | Reached skill level 4 in Unarmed Combat
  1305 | D:2      | Reached XP level 3. HP: 30/31 MP: 3/3
  1317 | D:2      | Noticed Robin
  1625 | D:2      | Killed Robin
  1964 | D:2      | Reached XP level 4. HP: 38/38 MP: 4/4
  2057 | D:2      | Reached skill level 5 in Unarmed Combat
  3570 | D:4      | Noticed Sigmund
  3622 | D:4      | Reached XP level 5. HP: 43/45 MP: 5/5
  3668 | D:4      | Found a runed translucent gate.
  3669 | D:4      | Found a runed translucent gate.
  3669 | D:4      | Found a runed translucent gate.
  3685 | D:4      | Found a shadowy altar of Dithmenos.
  3689 | D:4      | Reached skill level 6 in Unarmed Combat
  3763 | D:4      | Noticed PoweredByGinger's ghost (amateur TrBe)
  3763 | D:4      | Noticed an ice beast
  3817 | D:4      | Noticed Eustachio
  4254 | D:5      | Entered Level 5 of the Dungeon
  4542 | D:5      | Reached XP level 6. HP: 24/51 MP: 6/6
  4566 | D:5      | Gained mutation: You expend magic power (3 MP) to
                  | strengthen your wands. [potion of mutation]
  4566 | D:5      | Gained mutation: Your spells are a little easier to cast,
                  | but a little less powerful. [potion of mutation]
  4566 | D:5      | Gained mutation: You are resistant to electric shocks.
                  | (rElec) [potion of mutation]
  4579 | D:5      | Reached skill level 7 in Unarmed Combat
  4902 | D:5      | Found a staircase to the Ecumenical Temple.
  4913 | Temple   | Entered the Ecumenical Temple
  5018 | D:5      | Identified the +3 leather armour "Qyekluatz" {rElec rC+
                  | Int-5}
  5336 | D:4      | Reached skill level 8 in Unarmed Combat
  5606 | D:4      | Found a white marble altar of Elyvilon.
  5635 | D:4      | Killed Sigmund
  5636 | D:4      | Your scales start taking on an icy white colour.
  5636 | D:4      | Reached XP level 7. HP: 28/57 MP: 7/7
  5636 | D:4      | Gained mutation: Your flesh is cold resistant. (rC+) [White
                  | Draconian growth]
  5835 | D:4      | Found Zeytucae's Weapon Shoppe.
  6080 | Temple   | Reached skill level 9 in Unarmed Combat
  6440 | Temple   | Became a worshipper of Warmaster Okawaru
  6440 | Temple   | Reached * piety under Okawaru
  6440 | Temple   | Reached ** piety under Okawaru
  6744 | D:5      | Found a bloodstained altar of Trog.
  6744 | D:5      | Found a sparkling altar of Nemelex Xobeh.
  6745 | D:5      | Found a glowing silver altar of Zin.
  6757 | D:5      | Found a shimmering blue altar of Sif Muna.
  7516 | D:6      | HP: 1/57 [poisoned by a gnoll sergeant]
  7517 | D:6      | Reached XP level 8. HP: 2/63 MP: 8/8
  7517 | D:6      | Lost mutation: You expend magic power (3 MP) to strengthen
                  | your wands. [potion of mutation]
  7517 | D:6      | Lost mutation: You are resistant to electric shocks.
                  | (rElec) [potion of mutation]
  7517 | D:6      | Gained mutation: You sometimes lose the ability to read
                  | scrolls when taking damage. [potion of mutation]
  7517 | D:6      | Gained mutation: You are strong-willed. (Will+) [potion of
                  | mutation]
  7517 | D:6      | Succumbed to a gnoll sergeant's poison

Illustrated notes

Levels and vault maps discovered:
D:1:      dpeg_arrival_three_same_balls, layout_basic
D:2:      layout_rooms, hangedman_feature_mirror, minmay_misc_feat_iff,
          hangedman_decor_growths, uniq_robin
D:3:      minmay_octagon_keep, layout_loops_ring, minmay_between
D:4:      minmay_chambers_of_threes, layout_basic,
          mainiacjoe_overflow_small_starburst,
          grunt_dithmenos_smoke_and_mirrors, gammafunk_ghost_icy, serial_shops,
          kennysheep_mini, uniq_eustachio, uniq_sigmund
D:5:      layout_basic, nicolae_overflow_quartered_altars,
          minmay_temple_entry_sparse_star, st_stairs_7,
          kennysheep_generic_room_5
D:6:      layout_loops_cross, grunt_gozag_statues, ebering_ghost_rock_garden
Temple:   minmay_freezing_vapour_temple

Skill      XL: |  1  2  3  4  5  6  7 |
---------------+----------------------+-----
Unarmed Combat | 4 5 6 8 9 |  9.9
Fighting       | |  3.2
Dodging        | |  2.6
Stealth        | |  1.7

Action                   |  1- 3 |  4- 6 |  7- 9 || total
-------------------------+-------+-------+-------++-------
Melee: Unarmed           |   100 |   213 |    56 ||   369
       Tailslap          |    19 |    30 |     6 ||    55
       Punch             |     1 |    11 |     5 ||    17
       Dagger            |       |    21 |     6 ||    27
 Abil: Breathe Frost     |       |       |     1 ||     1
  Use: Potion            |       |     7 |     4 ||    11
       Scroll            |       |       |     6 ||     6
 Stab: Sleeping          |     1 |     7 |       ||     8
       Distracted        |       |       |     1 ||     1
Armor: Skin              |    44 |    69 |    18 ||   131
Dodge: Dodged            |    61 |   125 |    25 ||   211
